 Dungeon Crawl Stone Soup version 0.31.0-11-ge490571c62 (webtiles) character file.

Game seed: 13315128399736660521

2230 Curundu the Cleaver (level 9, -3/78 HPs)
             Began as a Minotaur Berserker on Feb 8, 2024.
             Was an Elder of Trog.
             Incinerated by a deep elf pyromancer (15 damage)
             ... with a pyre arrow
             ... on level 7 of the Dungeon.
             The game lasted 00:16:54 (6374 turns).

Curundu the Cleaver (Minotaur Berserker)            Turns: 6374, Time: 00:16:57

Health: -3/78      AC: 20    Str: 31    XL:     9   Next: 14%
Magic:  8/8        EV:  9    Int:  4    God:    Trog [****..]
Gold:   130        SH:  5    Dex: 11    Spells: 8/8 levels left

rFire   . . .        a - +0 hand axe
rCold   . . .        A - +0 buckler
rNeg    . . .        q - +0 plate armour
rPois   .            (helmet restricted)
rElec   .            h - +0 cloak
rCorr   .            (no gloves)
SInv    .            t - +1 pair of boots {Stlth+}
Will    .....        (no amulet) Stlth
                     z - +6 ring of strength
HPRegen 0.33/turn    n - +4 ring of protection
MPRegen 0.11/turn

%: no passive effects
@: on fire, about to teleport, marked, on berserk cooldown, slowed, glowing,
very slow
A: horns 2, retaliatory headbutt
a: Renounce Religion, Berserk, Trog's Hand, Brothers in Arms


You were on level 7 of the Dungeon.
You worshipped Trog.
Trog was greatly pleased with you.
You visited 2 branches of the dungeon, and saw 8 of its levels.

You collected 193 gold pieces.
You spent 63 gold pieces at shops.

Inventory:

Hand Weapons
 a - a +0 hand axe (weapon)
Missiles
 u - 4 boomerangs (quivered)
Armour
 h - a +0 cloak (worn)
 q - a +0 plate armour (worn)
 t - a +1 pair of boots of stealth (worn)
 A - a +0 buckler (worn)
Jewellery
 n - a +4 ring of protection (right hand)
 o - a ring of magical power
 z - a +6 ring of strength (left hand)
 B - an amulet of regeneration
Scrolls
 b - 2 scrolls of fear
 e - a scroll of fog {unknown}
 l - 2 scrolls of amnesia {unknown}
 m - 2 scrolls of torment {unknown}
 p - 2 scrolls of teleportation
 r - a scroll of brand weapon {unknown}
 s - a scroll of blinking {unknown}
 v - 2 scrolls of identify {unknown}
 y - 2 scrolls of revelation {unknown}
Potions
 c - 3 potions of enlightenment {unknown}
 d - a potion of lignification {unknown}
 f - 2 potions of magic {unknown}
 g - 2 potions of heal wounds {unknown}
 i - 4 potions of resistance {unknown}
 j - a potion of curing {unknown}
 k - a potion of attraction {unknown}
 w - 2 potions of degeneration {unknown}
 x - 3 potions of mutation {unknown}


   Skills:
 + Level 6.5 Fighting
 + Level 9.1 Axes
 + Level 7.0 Armour
 + Level 4.1 Dodging
 - Level 0.4 Stealth
 * Level 5.0 Shields
 * Level 3.6 Evocations


You had 8 spell levels left.
You didn't know any spells.
Your spell library was empty.

Dungeon Overview and Level Annotations

Branches:
Dungeon (7/15)             Temple (1/1) D:6

Altars:
Ashenzari
Cheibriados
Dithmenos
Elyvilon
Fedhas
Gozag
Makhleb
Nemelex Xobeh
Okawaru
Qazlal
Ru
Sif Muna
Uskayaw
Vehumet
Wu Jian
Xom
Yredelemnul
Zin
The Shining One

Shops:
D:1 (   D:2 [   D:4 (   D:6 :*


Innate Abilities, Weirdness & Mutations

You have a pair of horns on your head.
You reflexively headbutt those who attack you in melee.


Message History

You are no longer berserk.
You are exhausted.
You feel yourself slow down.
Your skin stops crawling.
You feel less strong-willed.
The centaur shoots an arrow.
The arrow closely misses you.
The centaur unwields a +0 shortbow.
The centaur barely misses you. You furiously retaliate!
You headbutt the centaur! The centaur barely misses you.
The deep elf pyromancer casts a spell at you.
The pyre arrow hits you.
You are covered in intense liquid fire!
The kobold demonologist looks satisfied for a moment.
The centaur hits you but does no damage.
The centaur kicks you but does no damage.
An orc comes into view. It is wielding a +0 spear.
You block the orc's attack.
The kobold demonologist looks encouraged for a moment.
The centaur hits you.
The centaur kicks you but does no damage.
You see here a hound corpse.
As you read the scroll labelled BUKKUL FUUCAFUE, it crumbles to dust.
You feel strangely unstable.
It was a scroll of teleportation.
The liquid fire burns you!
* * * LOW HITPOINT WARNING * * *
A gnoll comes into view. It is wielding a +0 spear.
The centaur hits you but does no damage.
The centaur kicks you but does no damage.
The orc hits you but does no damage. x2
The goblin hits you from afar with a +0 spear.
* * * LOW HITPOINT WARNING * * *
The goblin closely misses you.
The centaur hits you but does no damage.
You block the centaur's attack.
The gnoll moves out of view.
You hit the centaur. You headbutt the centaur.
You kill the centaur!
Trog accepts your kill.
You hit the orc. You slash the orc!
You barely miss the deep elf pyromancer.
The liquid fire burns you!
You die...

#...........######..
#####.#.#.########..
###.#.#.#.#<........
...#.#.# ########..
#####.#.#.#.# #..
........!...## ###.
...##[#.#....######...
+.eog..............
##@og#.#.####......
.......).o..#...........
..........g.Ko..........
.....########S########..
##### ... #.. .♣ #.. #..


You could see a deep elf pyromancer, a kobold demonologist, a water moccasin, 4
orcs and 3 goblins.

Vanquished Creatures
  A wyvern (D:7)
  A steam dragon (D:7)
  A water moccasin (D:6)
  An orc warrior (D:7)
  2 sky beasts
  5 ice beasts
  An ogre (D:4)
  A centaur (D:7)
  4 bullfrogs
  A bombardier beetle (D:5)
  6 hounds
  A jelly (D:6)
  A gnoll bouda (D:6)
  2 sleepcaps
  2 orc wizards (D:6)
  6 gnolls
  14 adders
  2 shadow imps
  A white imp (D:7)
  6 ufetubi
  2 dart slugs
  11 orcs
  9 ball pythons
  8 bats
  8 endoplasms
  10 giant cockroaches
  6 hobgoblins
  5 jackals (D:1)
  8 kobolds
  7 quokkas
  8 frilled lizards
  6 goblins
  9 rats
156 creatures vanquished.

Vanquished Creatures (others)
  A sky beast (D:7)
  A killer bee (D:7)
  2 orcs (D:7)
4 creatures vanquished.

Grand Total: 160 creatures vanquished

Notes
Turn   | Place    | Note
-------+----------+-------------------------------------------
     0 | D:1      | Curundu the Minotaur Berserker began the quest for the Orb.
     0 | D:1      | Reached XP level 1. HP: 19/19 MP: 0/0
     1 | D:1      | Found a runed translucent door.
    34 | D:1      | Reached skill level 4 in Axes
    34 | D:1      | Reached XP level 2. HP: 23/27 MP: 1/1
    99 | D:1      | Reached ** piety under Trog
   143 | D:1      | Found Nunulie's Weapon Emporium.
   226 | D:1      | Reached XP level 3. HP: 19/33 MP: 2/2
   367 | D:1      | Found a faded altar of an unknown god.
  1069 | D:2      | Reached XP level 4. HP: 33/41 MP: 3/3
  1278 | D:2      | Found Wivaschut's Armour Boutique.
  2187 | D:3      | Reached *** piety under Trog
  2188 | D:3      | Reached skill level 5 in Axes
  2263 | D:3      | You fall into a shaft and drop 2 floors!
  2263 | D:5      | Entered Level 5 of the Dungeon
  2272 | D:4      | Noticed an ogre
  2272 | D:4      | Found a snail-covered altar of Cheibriados.
  2278 | D:4      | Killed an ogre
  2279 | D:4      | Reached XP level 5. HP: 20/47 MP: 4/4
  2415 | D:4      | Found Voqibior's Weapon Emporium.
  2926 | D:4      | Found a blossoming altar of Fedhas.
  3203 | D:5      | Noticed a sky beast
  3214 | D:5      | Killed a sky beast
  3215 | D:5      | Reached skill level 6 in Axes
  3215 | D:5      | Reached skill level 1 in Shields
  3215 | D:5      | Reached XP level 6. HP: 47/55 MP: 5/5
  3431 | D:5      | Reached skill level 5 in Fighting
  3471 | D:5      | Reached skill level 1 in Evocations
  4180 | D:3      | Found a hide-covered altar of Uskayaw.
  4371 | D:3      | Reached XP level 7. HP: 61/61 MP: 6/6
  5012 | D:6      | Found an iron altar of Okawaru.
  5066 | D:6      | Reached **** piety under Trog
  5203 | D:6      | Reached skill level 7 in Axes
  5262 | D:6      | Found a staircase to the Ecumenical Temple.
  5278 | D:6      | Reached skill level 5 in Armour
  5289 | D:6      | Reached XP level 8. HP: 24/69 MP: 7/7
  5582 | Temple   | Entered the Ecumenical Temple
  5840 | D:6      | Found Eperum's Tiny Tomes.
  5963 | D:6      | Reached skill level 8 in Axes
  5974 | D:6      | Found a radiant altar of Vehumet.
  5974 | D:6      | Found a broken altar of Ashenzari.
  6050 | D:6      | Found Fylioso's General Store.
  6057 | D:6      | Bought a +0 buckler for 63 gold pieces
  6152 | D:7      | Found a sparkling altar of Nemelex Xobeh.
  6155 | D:7      | Found a shadowy altar of Dithmenos.
  6342 | D:7      | Noticed a deep elf pyromancer
  6361 | D:7      | Reached XP level 9. HP: 54/77 MP: 8/8
  6367 | D:7      | Noticed a kobold demonologist
  6368 | D:7      | Reached skill level 9 in Axes
  6370 | D:7      | Reached skill level 5 in Shields
  6374 | D:7      | Incinerated by a deep elf pyromancer

Illustrated notes

Levels and vault maps discovered:
D:1:      dpeg_arrival_caged_fury, layout_basic, serial_shops, shop,
          dreamdust_ecumenical_altar_hidden_monk_grotto
D:2:      layout_basic, serial_shops, shop
D:3:      layout_loops_corners, nicolae_uskayaw_dance_hall, st_stairs_11
D:4:      layout_basic, mainiacjoe_overflow_catwalk, kennysheep_mini,
          serial_shops, shop
D:5:      layout_loops_ring, mainiacjoe_sewer_entry_somewhere_in_here_2
D:6:      layout_basic, gammafunk_temple_overflow_elements,
          hellmonk_okawaru_the_only_friend_you_need, temple_fountains,
          serial_shops, nicolae_shop_tiny_statue_garden,
          nicolae_shop_i_like_small_books_too,
          amcnicky_mini_rare_corridor_liquid, sigmund_army
D:7:      nzn_winding_woodlands_three_and_one
          [nzn_winding_woodlands_5x15_sidewinder,
          nzn_winding_woodlands_5x15_jagged, nzn_winding_woodlands_5x15_default,
          nzn_winding_woodlands_center_garden], layout_basic,
          mainiacjoe_overflow_catwalk_spiral, lightli_bailey_entry_fortress
Temple:   minmay_temple_curvy_loop

Skill      XL: |  1  2  3  4  5  6  7  8  9 |
---------------+----------------------------+-----
Axes           | 4 5 6 7 8 9 |  9.1
Fighting       | 4 5 6 |  6.5
Dodging        | 3 4 |  4.1
Armour         | 3 4 5 6 7 |  7.0
Shields        | 1 2 3 4 5 |  5.0
Evocations     | 1 2 3 |  3.6
Stealth        | |  0.4

Action                     |  1- 3 |  4- 6 |  7- 9 || total
---------------------------+-------+-------+-------++-------
  Melee: Hand axe          |    99 |   158 |   172 ||   429
         Headbutt          |    13 |    13 |    26 ||    52
         Punch             |       |     2 |       ||     2
 Invoke: Trog's Hand       |       |     1 |     2 ||     3
         Berserk           |       |       |     2 ||     2
    Use: Scroll            |       |       |     2 ||     2
 Armour: Animal skin       |    51 |       |       ||    51
         Chain mail        |       |    33 |       ||    33
         Plate armour      |       |   113 |   271 ||   384
  Dodge: Dodged            |    77 |    71 |   118 ||   266
  Block: Buckler           |       |       |    31 ||    31
